Map: Abiogenesis LE

Players

qwerty - Winner!

  • Race: Zerg Zerg
  • League: Platinum
  • Spawn Location: 5:00

ILIEKEGGPIE

  • Race: Protoss Protoss
  • League: Platinum
  • Spawn Location: 11:00

VOD

Have the link to the VOD?

Description

Time

  • Played on: April 7, 2018, 1:23 p.m.
  • Length: 22:05
Show
View Real Time Build Order
Export as new Build Order

qwerty Zerg - Winner!

Build Orders: Hatch First 

Get SALT Encoding   

  12  0:01  Drone  
  13  0:12  Overlord  
  13  0:17  Drone  
  14  0:31  Drone x2  
  14  0:34  Drone  
  17  0:55  Hatchery  
  17  0:56  Drone  
  17  1:19  Spawning Pool  
  17  1:20  Drone x2  
  17  1:21  Extractor  
  17  1:41  Drone  
  18  2:06  Hatchery, Zergling x4  
  18  2:07  Queen  
  21  2:17  Queen  
  23  2:28  Metabolic Boost  
  23  2:34  Overlord  
  23  2:58  Drone x6  
  29  3:13  Drone x2  
  29  3:18  Evolution Chamber  
  30  3:22  Queen  
  30  3:24  Overlord  
  32  3:33  Drone x5  
  36  3:43  Overlord  
  36  3:56  Lair  
  36  3:59  Zergling x2  
  36  4:00  Zergling x10, Extractor  
  41  4:07  Overlord  
  41  4:22  Drone x5  
  41  4:24  Overlord  
  46  4:30  Overlord  
  46  4:42  Overlord  
  46  4:52  Hatchery  
  45  5:02  Hydralisk Den  
  45  5:06  Zerg Ground Armor Level 1  
  44  5:07  Drone x2  
  44  5:08  Drone x5  
  44  5:09  Drone  
  44  5:12  Overlord  
  44  5:13  Overseer  
  52  5:27  Zergling x2  
  52  5:28  Zergling x12  
  59  5:30  Overlord  
  59  5:45  Extractor  
  59  5:46  Drone x7  
  59  5:47  Drone, Extractor  
  65  5:54  Muscular Augments, Hydralisk  
  65  5:56  Hydralisk  
  67  6:03  Hydralisk  
  71  6:08  Overlord  
  71  6:16  Overlord  
  71  6:23  Overlord  
  71  6:24  Hydralisk x3  
  77  6:31  Hydralisk x2  
  81  6:33  Overlord  
  81  6:34  Overlord  
  81  6:35  Hydralisk  
  83  6:43  Drone x5  
  88  6:48  Queen  
  90  6:59  Drone x4  
  90  7:00  Zerg Missile Weapons Level 1  
  94  7:03  Hydralisk  
  94  7:04  Hydralisk  
  98  7:10  Hydralisk  
  98  7:11  Hydralisk  
  102  7:38  Hydralisk x7  
  102  7:40  Overlord  
  102  7:43  Drone  
  110  7:56  Spire  
  108  7:58  Zergling x2  
  108  7:59  Zergling x30  
  108  8:01  Overlord  
  124  8:10  Zergling x10  
  127  8:16  Zergling x2  
  127  8:17  Zergling x12  
  112  8:27  Hydralisk x2  
  112  8:30  Drone  
  117  8:49  Hydralisk  
  117  8:50  Hydralisk x4  
  117  8:54  Zerg Ground Armor Level 2  
  121  9:06  Hydralisk x2  
  121  9:07  Hydralisk x2  
  125  9:12  Hydralisk  
  125  9:13  Hydralisk  
  125  9:16  Extractor  
  128  9:17  Extractor  
  128  9:23  Drone  
  120  9:34  Corruptor  
  120  9:35  Corruptor  
  124  9:41  Drone x12  
  124  9:43  Overlord x2  
  124  9:44  Overlord  
  136  9:59  Corruptor x3  
  142  10:05  Infestation Pit  
  142  10:06  Grooved Spines  
  141  10:07  Zergling x2  
  141  10:08  Zergling x12  
  148  10:36  Overlord, Hatchery  
  148  10:37  Corruptor x3  
  148  10:40  Overlord  
  153  10:45  Hive  
  153  10:59  Hydralisk x4  
  153  11:00  Hydralisk  
  163  11:05  Hydralisk x3  
  169  11:29  Hydralisk x8  
  182  11:36  Corruptor x2  
  182  11:37  Overlord  
  183  11:52  Lurker Den  
  182  11:54  Zerg Missile Weapons Level 2  
  182  12:02  Drone x2  
  182  12:04  Overlord  
  184  12:10  Greater Spire  
  184  12:12  Overlord  
  184  12:17  Hydralisk x5  
  194  12:27  Zergling x12  
  149  13:44  Pneumatized Carapace  
  149  13:46  Corruptor x11  
  167  13:57  Hydralisk  
  167  13:58  Hydralisk x7  
  171  14:19  Brood Lord x2  
  175  14:24  Brood Lord  
  175  14:27  Drone x4  
  175  14:28  Drone x4  
  185  14:40  Queen  
  185  14:43  Brood Lord x2  
  188  14:52  Extractor  
  185  14:53  Brood Lord  
  185  14:56  Extractor  
  186  15:13  Hatchery  
  186  15:14  Queen  
  185  15:19  Brood Lord x3  
  193  15:50  Brood Lord x3  
  197  16:08  Zerg Melee Weapons Level 1  
  197  16:21  Queen  
  197  16:53  Zerg Flyer Armor Level 1  
  197  17:10  Hatchery  
  197  17:14  Brood Lord x3  
  145  17:59  Corruptor x11  
  161  18:06  Zergling x8  
  161  18:07  Zergling x38  
  178  18:19  Zergling x2  
  159  18:25  Zerg Melee Weapons Level 2  
  159  18:29  Hatchery  
  159  18:31  Queen  
  160  18:45  Hatchery  
  157  19:01  Adrenal Glands  
  148  19:04  Brood Lord  
  148  19:05  Brood Lord x2, Zergling x2  
  148  19:06  Zergling x24  
  148  19:07  Queen  
  148  19:40  Zergling x30  
  153  19:50  Overseer x3  
  153  19:52  Hydralisk x6  
  148  19:53  Hydralisk x2  
  128  20:43  Hatchery  
  128  20:48  Queen  
  127  21:03  Hydralisk  
  127  21:05  Zergling x2  
  127  21:06  Zergling x20  
  120  21:26  Queen  
  120  21:35  Spore Crawler  
Show
View Real Time Build Order
Export as new Build Order

ILIEKEGGPIE Protoss 

Build Orders:  

Get SALT Encoding   

  12  0:00  Probe  
  13  0:13  Probe  
  14  0:25  Pylon  
  14  0:26  Probe  
  15  0:43  Probe  
  15  0:49  Gateway  
  16  0:51  Forge  
  16  0:56  Probe (Chrono Boost)  
  17  1:06  Probe (Chrono Boost)  
  17  1:10  Assimilator  
  18  1:24  Gateway  
  18  1:28  Photon Cannon  
  18  1:32  Probe  
  19  1:47  Probe  
  20  2:02  Nexus  
  20  2:14  Zealot  
  22  2:21  Pylon  
  22  2:31  Assimilator  
  22  2:39  Zealot  
  22  2:43  Cybernetics Core  
  24  3:04  Probe (Chrono Boost)  
  25  3:15  Probe (Chrono Boost)  
  25  3:16  Probe (Chrono Boost)  
  25  3:18  Warp Gate (Chrono Boost)  
  27  3:23  Probe (Chrono Boost)  
  27  3:24  Probe (Chrono Boost)  
  27  3:25  Robotics Facility  
  27  3:26  Pylon  
  29  3:31  Probe  
  30  3:42  Probe  
  30  3:43  Probe  
  32  3:58  Protoss Ground Weapons Level 1 (Chrono Boost)  
  32  3:59  Gateway  
  32  4:01  Gateway  
  32  4:04  Stalker  
  32  4:07  Sentry  
  36  4:13  Observer  
  38  4:26  Probe (Chrono Boost)  
  38  4:29  Probe (Chrono Boost)  
  39  4:34  Probe (Chrono Boost)  
  39  4:37  Probe (Chrono Boost), Pylon  
  41  4:40  Probe  
  42  4:48  Probe  
  49  5:00  Probe  
  49  5:02  Assimilator  
  49  5:06  Assimilator  
  50  5:08  Immortal  
  50  5:10  Pylon  
  50  5:12  Probe (Chrono Boost)  
  50  5:18  Probe (Chrono Boost)  
  50  5:21  Stalker  
  50  5:22  Stalker x3  
  50  5:25  Probe (Chrono Boost)  
  59  5:45  Robotics Bay  
  59  5:48  Gateway  
  59  5:49  Immortal (Chrono Boost)  
  59  5:51  Gateway  
  63  6:01  Probe x2  
  65  6:10  Stalker x2  
  69  6:13  Probe  
  69  6:17  Pylon  
  70  6:19  Pylon  
  70  6:34  Colossus  
  70  6:35  Probe  
  77  6:40  Extended Thermal Lance (Chrono Boost)  
  77  6:47  Probe  
  78  6:59  Probe  
  79  7:03  Stalker  
  79  7:04  Stalker x2  
  79  7:07  Pylon  
  85  7:12  Pylon  
  85  7:36  Stalker x3  
  90  7:55  Probe (Chrono Boost)  
  92  8:00  Gateway  
  92  8:01  Gateway, Probe (Chrono Boost)  
  92  8:13  Colossus (Chrono Boost)  
  64  8:45  Stalker  
  64  8:46  Stalker  
  64  8:47  Sentry x4  
  76  8:53  Nexus  
  76  8:54  Pylon  
  76  8:57  Colossus (Chrono Boost)  
  76  8:58  Pylon  
  82  9:05  Zealot  
  82  9:06  Zealot  
  86  9:13  Stalker x2  
  86  9:14  Stalker x3  
  92  9:29  Pylon  
  92  9:34  Pylon  
  92  9:38  Photon Cannon  
  92  9:39  Gateway x2  
  92  9:47  Gateway  
  92  9:49  Gateway  
  92  9:51  Assimilator  
  92  9:55  Assimilator  
  92  10:02  Colossus  
  98  10:07  Probe (Chrono Boost)  
  98  10:12  Gateway x2  
  98  10:13  Probe x2 (Chrono Boost)  
  101  10:28  Stalker x2  
  101  10:30  Twilight Council  
  101  10:32  Pylon  
  105  10:49  Stalker  
  107  10:50  Zealot x4  
  115  10:58  Probe  
  116  11:10  Forge  
  116  11:11  Forge  
  116  11:16  Stalker x3  
  118  11:35  Charge (Chrono Boost)  
  118  11:41  Protoss Shields Level 1 (Chrono Boost), Protoss Ground Armor Level 1 (Chrono Boost)  
  118  11:43  Templar Archives  
  118  12:04  Probe (Chrono Boost)  
  121  12:09  Probe (Chrono Boost)  
  121  12:10  Probe (Chrono Boost)  
  121  12:18  Probe (Chrono Boost)  
  121  12:19  Colossus (Chrono Boost)  
  128  12:25  Psionic Storm  
  128  12:42  Pylon  
  128  12:46  Pylon  
  128  12:48  Probe  
  128  12:50  High Templar x2  
  128  12:51  High Templar x6  
  145  12:59  Archon x2  
  145  13:00  Archon  
  145  13:08  Colossus  
  145  13:12  Zealot  
  153  13:13  Zealot x4  
  153  13:17  Pylon  
  145  13:38  Zealot x4  
  153  13:45  Zealot x2  
  153  13:46  Zealot x3, Pylon  
  153  13:47  Zealot  
  164  14:12  High Templar x3  
  164  14:13  Zealot  
  164  14:16  Pylon  
  172  14:18  Pylon  
  172  14:23  Pylon  
  172  14:26  Protoss Ground Armor Level 2 (Chrono Boost), Protoss Ground Weapons Level 2 (Chrono Boost)  
  172  14:42  Stalker x4  
  180  14:51  Zealot  
  180  14:52  Zealot x3  
  180  14:58  Blink (Chrono Boost)  
  180  15:07  High Templar x3  
  180  15:09  Stalker x4  
  180  15:10  Stalker  
  194  15:54  Pylon  
  194  15:57  Pylon  
  194  16:05  Observer (Chrono Boost)  
  187  16:14  Nexus  
  187  16:15  Pylon  
  187  16:17  Pylon  
  187  16:28  Dark Shrine  
  187  16:32  High Templar x3  
  193  16:33  Stalker x3  
  195  16:58  Assimilator  
  195  17:03  Assimilator  
  119  18:17  Stalker x3  
  119  18:18  Stalker x5  
  119  18:19  Stalker x2  
  95  18:31  Dark Templar x2  
  95  18:32  Dark Templar  
  101  18:43  Stalker x4  
  101  18:44  Stalker x4  
  101  18:45  Stalker x2  
  109  19:13  Zealot x2  
  109  19:14  Zealot x3  
  113  19:18  Protoss Ground Weapons Level 3 (Chrono Boost)  
  113  19:19  Protoss Ground Armor Level 3 (Chrono Boost)  
  79  19:40  Stalker  
  79  19:41  Stalker x6  
  79  19:42  Stalker x5  
  91  20:11  Stalker x4  
  91  20:12  Stalker, Zealot  
  101  20:19  Zealot x3  
  91  20:37  Stargate  
  91  20:44  Stargate  
  59  21:35  Stalker x3  
  59  21:36  Zealot x3  
  44  21:57  Zealot x4  
Tags
 
Matchup
PvZ
Replay Pack
Multi
Spawn Locations
Cross Positions
Add a new tag
Caveats
  • Supply blocks, unpowered buildings, or Contaminate may cause inaccurate times.
  • Supply counts are checked every 10 seconds.